AoeStats
← NuMa | JuanMan

Arabia

510143951Analyzed
2v2 RM · 3d ago on Sep 29, 2026· 45m 43s· 4 players
Game mode
Random Map
Map size
Medium (4 player)
Population
200
Speed
Normal
Resources
Standard
Victory
Conquest
Starting age
Dark Age
Ending age
Imperial Age
RankedLock teamsTeams togetherTeam positionsShared explorationLock speedFull tech treeHidden civsTurbo modeCheats
Victory
Defeat
🇨🇴 Franks · Colombia
1396
+13
🇨🇴 Romans · Colombia
1354
+15
🇪🇨 Saxons · Ecuador
1452
-18
🇺🇸 Persians · United States
1217
-10
blacklopez
7:03 Loom
9:09 Feudal Age
9:50 Double-Bit Axe
9:46 Horse Collar
25:49 Castle Age
24:44 Scale Barding Armor
24:50 Bloodlines
26:02 Forging
25:56 Gold Mining
26:42 Husbandry
27:41 Wheelbarrow
28:47 Bow Saw
Maty
6:34 Loom
8:55 Feudal Age
9:36 Double-Bit Axe
11:50 Fletching
18:23 Padded Archer Armor
20:17 Town Watch
23:24 Castle Age
22:14 Gold Mining
22:06 Horse Collar
24:21 Forging
24:06 Bodkin Arrow
23:34 Crossbowman
26:20 Bow Saw
28:19 Wheelbarrow
33:17 Ballistics
33:05 Thumb Ring
37:03 Pikeman
37:44 Squires
37:29 Gambesons
38:44 Forging
40:08 Iron Casting
44:17 Imperial Age
Camo
6:42 Loom
9:29 Feudal Age
10:30 Double-Bit Axe
20:18 Castle Age
18:48 Scale Barding Armor
18:52 Gold Mining
19:28 Forging
21:20 Husbandry
21:57 Chain Barding Armor
21:51 Bow Saw
25:09 Town Watch
26:32 Iron Casting
27:06 Wheelbarrow
29:47 Hand Cart
35:17 Imperial Age
34:42 Fletching
35:51 Ballistics
35:43 Masonry
37:09 Chemistry
35:32 Cavalier
37:06 Devotion
38:08 Plate Barding Armor
38:24 Architecture
39:13 Hoardings
39:47 Conscription
39:43 Bodkin Arrow
39:58 Siege Engineers
40:06 Scale Mail Armor
40:23 Elite Throwing Axeman
43:11 Blast Furnace
42:48 Murder Holes
44:13 Chivalry
45:26 Paladin
45:27 Light Cavalry
NuMa | JuanMan
6:43 Loom
9:01 Feudal Age
9:18 Man-at-Arms
10:46 Scale Mail Armor
14:11 Double-Bit Axe
15:24 Horse Collar
19:22 Forging
19:38 Padded Archer Armor
25:10 Castle Age
25:20 Wheelbarrow
25:25 Long Swordsman
26:21 Chain Mail Armor
26:55 Iron Casting
26:36 Squires
29:20 Heavy Plow
37:39 Bow Saw
42:58 Imperial Age
43:09 Legionary
44:51 Blast Furnace
45:15 Comitatenses
45:15 Spies/Treason
Connection lost

Rejoining the realm…

Still unreachable

The connection could not be restored.

Session expired

The server has moved on; the page needs a fresh start.